Map: Orbital Shipyard

Players

oGsForGG - Winner!

  • Race: Terran Terran
  • League: Master

llllllllllll

  • Race: Terran Terran
  • League: Master

VOD

Have the link to the VOD?

Description

Time

  • Played on: Nov. 29, 2015, 5:21 p.m.
  • Length: 13:58
Show
View Real Time Build Order
Export as new Build Order

oGsForGG Terran - Winner!

Build Orders: 1/1/1, Hellion Banshee 

Get SALT Encoding   

  12  0:01  SCV  
  13  0:13  SCV  
  14  0:18  Supply Depot  
  14  0:25  SCV  
  15  0:29  Refinery  
  15  0:40  SCV  
  16  0:45  Barracks  
  16  0:52  SCV  
  16  0:56  Refinery  
  18  1:04  SCV  
  18  1:16  SCV  
  19  1:32  Orbital Command  
  19  1:34  Factory  
  19  1:36  Reaper  
  20  1:43  Supply Depot  
  20  1:58  SCV  
  21  2:08  Reaper  
  22  2:10  SCV  
  23  2:17  Hellion  
  23  2:19  Starport  
  23  2:22  SCV  
  26  2:29  Supply Depot  
  26  2:34  SCV  
  27  2:39  Hellion  
  27  2:40  Barracks Tech Lab  
  29  2:46  SCV  
  30  2:58  SCV  
  31  3:07  Banshee, Cloaking Field  
  31  3:08  Barracks Reactor, Hellion  
  31  3:10  SCV  
  37  3:16  Supply Depot  
  37  3:22  SCV  
  38  3:44  SCV  
  36  3:50  Banshee  
  38  4:05  SCV  
  38  4:07  Hellion x2  
  43  4:18  SCV  
  43  4:19  Command Center  
  44  4:30  Supply Depot, Hellion  
  46  4:41  Barracks Reactor  
  46  4:42  Factory  
  46  4:51  Hellion  
  46  4:52  Hellion, Viking  
  51  4:56  SCV  
  52  5:05  Supply Depot  
  51  5:10  SCV  
  51  5:12  Hellion  
  54  5:15  Hellion  
  52  5:22  Banshee  
  49  5:30  Factory Tech Lab  
  49  5:33  Hellion  
  49  5:34  SCV  
  44  5:37  Hellion, Marine x2  
  48  5:46  SCV  
  49  5:54  Orbital Command  
  49  5:58  SCV  
  52  6:04  Hellion  
  52  6:06  Hellion  
  52  6:10  Hellion  
  56  6:12  SCV  
  57  6:22  Viking  
  57  6:23  Viking  
  61  6:27  Infernal Pre-Igniter  
  61  6:32  Supply Depot  
  61  6:33  Supply Depot  
  61  6:36  SCV x2  
  63  6:43  Hellion x3  
  69  6:50  SCV x2  
  69  6:54  Viking x2  
  75  7:07  SCV x2  
  77  7:10  Command Center  
  77  7:13  Refinery  
  77  7:14  Refinery  
  77  7:17  Armory  
  77  7:21  SCV  
  77  7:22  SCV  
  79  7:25  Factory  
  79  7:28  Factory  
  79  7:33  Factory  
  79  7:35  SCV, Factory  
  80  7:40  SCV  
  59  8:01  Hellion x3  
  59  8:03  SCV x2  
  50  8:13  Hellion x2  
  50  8:15  SCV x2  
  51  8:22  Hellion  
  51  8:24  Orbital Command  
  53  8:27  SCV x2  
  53  8:32  Factory Tech Lab  
  53  8:33  Siege Tank x2  
  61  8:39  SCV  
  61  8:40  Terran Vehicle Weapons Level 1  
  62  8:43  SCV  
  62  8:46  Starport Reactor  
  63  8:50  SCV  
  63  8:52  SCV  
  63  8:55  SCV  
  66  8:56  Siege Tank  
  69  9:03  Supply Depot  
  69  9:05  SCV x2  
  69  9:07  SCV  
  69  9:08  Supply Depot  
  72  9:11  Hellion x4  
  80  9:17  Supply Depot  
  80  9:18  SCV x2  
  80  9:19  SCV  
  80  9:23  Siege Tank  
  86  9:25  Siege Tank  
  86  9:30  Viking  
  87  9:33  Viking  
  87  9:43  Siege Tank  
  76  9:49  Hellion  
  76  9:50  Hellion x2  
  77  9:55  SCV x2, Siege Tank  
  77  9:56  SCV  
  83  10:00  Medivac  
  83  10:06  Refinery  
  85  10:07  SCV  
  85  10:08  SCV x2, Medivac  
  90  10:16  Hellion x2  
  90  10:21  Hellion  
  96  10:29  SCV x3  
  96  10:33  Refinery  
  99  10:43  Medivac x2  
  99  10:45  SCV x2  
  99  10:46  SCV  
  109  10:57  Siege Tank x3  
  109  11:00  SCV x3  
  118  11:06  Hellbat x3  
  118  11:07  Hellbat  
  126  11:12  Terran Vehicle Weapons Level 2  
  126  11:13  Supply Depot  
  126  11:15  Supply Depot  
  126  11:23  Viking x2  
  130  11:32  Hellbat  
  132  11:35  Hellbat x3  
  122  11:51  Siege Tank x3  
  122  11:53  Hellbat  
  120  11:57  Hellbat x3  
  119  12:15  Hellbat  
  121  12:18  Hellbat x3  
  121  12:23  Siege Tank x2  
  121  12:28  Siege Tank  
  128  12:36  Hellbat  
  130  12:39  Hellbat x3  
  130  12:44  Medivac x2  
  134  12:55  Siege Tank x2  
  134  12:57  Hellbat  
  142  13:00  Hellbat  
  142  13:01  Hellbat x2  
  148  13:11  Engineering Bay  
  148  13:14  Command Center  
  148  13:18  Hellbat  
Show
View Real Time Build Order
Export as new Build Order

llllllllllll Terran 

Build Orders:  

Get SALT Encoding   

  12  0:01  SCV  
  13  0:13  SCV  
  14  0:17  Supply Depot  
  14  0:25  SCV  
  15  0:39  SCV  
  15  0:41  Barracks  
  16  0:45  Refinery  
  16  0:51  SCV  
  16  0:55  Refinery  
  17  1:03  SCV  
  18  1:15  SCV  
  19  1:27  Reaper  
  19  1:28  Orbital Command  
  19  1:30  Supply Depot  
  20  1:44  Factory  
  20  1:53  SCV  
  21  1:59  Marine  
  22  2:05  SCV  
  22  2:07  Supply Depot  
  23  2:17  SCV, Marine  
  25  2:29  SCV  
  26  2:30  Hellion  
  26  2:32  Armory  
  28  2:41  SCV  
  29  2:47  Starport  
  29  2:52  Factory Tech Lab  
  29  2:55  Supply Depot  
  29  2:56  SCV  
  30  3:05  Marine  
  30  3:08  SCV  
  32  3:18  Thor  
  38  3:21  SCV  
  39  3:36  SCV  
  39  3:41  Medivac  
  42  3:48  SCV  
  42  4:00  SCV  
  36  4:04  Thor  
  42  4:12  SCV  
  42  4:14  Command Center  
  43  4:22  Engineering Bay  
  43  4:24  Medivac  
  45  4:32  Supply Depot  
  45  4:35  SCV  
  46  4:47  SCV  
  46  4:48  Missile Turret  
  46  4:52  Missile Turret  
  44  5:00  SCV  
  43  5:24  SCV  
  43  5:25  Supply Depot, Thor  
  50  5:36  SCV  
  50  5:38  Medivac  
  47  5:47  Orbital Command  
  47  6:00  SCV  
  48  6:12  SCV  
  48  6:16  Thor  
  55  6:21  SCV  
  55  6:24  SCV  
  57  6:26  Missile Turret  
  57  6:35  SCV  
  57  6:36  SCV  
  59  6:48  SCV x2, Barracks Tech Lab  
  59  6:52  Barracks  
  59  6:54  Barracks  
  61  7:00  SCV x2  
  63  7:05  Thor  
  63  7:07  Marine  
  70  7:12  Refinery x2  
  70  7:18  SCV x2  
  70  7:26  Stimpack  
  70  7:29  Supply Depot  
  70  7:30  Supply Depot x2  
  70  7:50  SCV x2, Marine x2  
  70  7:51  Marauder  
  72  8:00  Thor  
  72  8:03  SCV x2, Medivac  
  74  8:12  Marine  
  71  8:15  SCV x2  
  71  8:19  Barracks Reactor  
  66  8:20  Command Center, Barracks Tech Lab  
  66  8:27  SCV x2  
  66  8:31  Marauder  
  66  8:33  Terran Infantry Weapons Level 1  
  69  8:36  Engineering Bay  
  69  8:39  SCV x2  
  69  8:40  Starport Reactor  
  71  8:41  Marauder  
  71  8:46  Siege Tank  
  71  8:47  Combat Shields  
  76  8:51  SCV x2  
  76  8:54  Marauder  
  80  8:59  Marine x2  
  82  9:03  SCV, Barracks  
  82  9:04  Barracks  
  82  9:06  SCV  
  84  9:10  Terran Infantry Armor Level 1  
  84  9:11  Supply Depot  
  84  9:13  Marauder  
  84  9:15  SCV  
  87  9:19  SCV  
  87  9:20  Marine x2  
  87  9:21  Marauder  
  92  9:27  SCV  
  94  9:31  SCV  
  94  9:34  Marauder  
  94  9:38  Marine  
  95  9:42  SCV, Marauder  
  97  9:46  SCV  
  92  9:54  SCV, Barracks Tech Lab  
  92  9:55  Barracks Tech Lab  
  92  9:58  SCV  
  92  9:59  Orbital Command  
  91  10:06  SCV  
  92  10:07  Marine x2  
  92  10:10  SCV  
  92  10:11  Supply Depot  
  95  10:17  Command Center  
  95  10:18  SCV  
  95  10:21  Supply Depot x2  
  96  10:23  Missile Turret  
  96  10:24  Marauder x2  
  101  10:31  Marine x2  
  101  10:32  Siege Tank  
  101  10:34  Medivac x2  
  109  10:43  SCV x2  
  109  10:46  Marauder x3, Marine  
  109  10:49  Marine  
  119  11:03  SCV x2  
  121  11:09  Barracks x2  
  121  11:11  Barracks, Marine  
  121  11:12  Marauder x2, Marine  
  121  11:13  Marine  
  121  11:16  Terran Infantry Weapons Level 2  
  128  11:20  Command Center  
  128  11:24  SCV  
  129  11:27  Marauder  
  129  11:29  Marine  
  129  11:31  Marauder, Marine  
  135  11:33  Marauder, Marine  
  120  11:47  Marine  
  120  11:48  Marauder  
  120  11:50  Marine  
  120  11:51  Marauder  
  120  11:53  Marauder  
  113  11:57  Marauder  
  102  12:02  Barracks Tech Lab x2  
  102  12:03  Barracks Reactor  
  102  12:05  Marine  
  102  12:07  Medivac, Marine  
  102  12:08  Siege Tank, Medivac  
  109  12:10  Marauder  
  109  12:12  Marauder  
  109  12:13  Marine  
  112  12:18  Marauder  
  92  12:23  Marine  
  92  12:25  Marine  
  92  12:29  Planetary Fortress  
  82  12:31  Marauder  
  82  12:32  Marauder  
  82  12:33  Marauder  
  82  12:34  Marauder  
  92  12:39  Marine  
  92  12:40  Marine  
  92  12:43  Marine  
  91  12:53  Marine, Marauder  
  94  12:59  Marine  
  94  13:00  Marauder x2, Marine x2  
  94  13:04  Medivac x2  
  105  13:09  SCV, Missile Turret  
  104  13:20  Marauder, Marine  
  104  13:22  SCV  
  104  13:23  Marine x2  
  104  13:24  Marauder  
  113  13:27  Marine  
  113  13:30  Marauder  
  113  13:33  SCV  
  113  13:38  Marine  
Tags
 
Composition
Hellion Banshee
Matchup
TvT
Opening
1/1/1
Race
Terran
Add a new tag
Caveats
  • Supply blocks, unpowered buildings, or Contaminate may cause inaccurate times.
  • Supply counts are checked every 10 seconds.